 Dungeon Crawl Stone Soup version 0.16.2-12-gd0ad4c3 (webtiles) character file.

70 Seneschal the Sneak (level 4, -3/21 HPs)
             Began as a Spriggan Enchanter on Sept 24, 2015.
             Killed from afar by an orc wizard (9 damage)
             ... with a puff of flame
             ... on level 3 of the Dungeon.
             The game lasted 00:07:59 (1806 turns).

Seneschal the Sneak (Spriggan Enchanter)            Turns: 1806, Time: 00:07:59

Health: -3/21      AC:  3    Str:  4    XL:     4   Next: 4%
Magic:  0/14       EV: 19    Int: 16    God:
Gold:   120        SH:  0    Dex: 17    Spells: 3 memorised, 4 levels left

rFire  . . .     SeeInvis +     a - +1 dagger
rCold  . . .     Clarity  .     b - +1 robe
rNeg   . . .     SustAb   .     (shield restricted)
rPois  .         Gourm    .     (helmet restricted)
rElec  .         Spirit   .     (no cloak)
rCorr  .         Warding  .     (gloves unavailable)
rMut   .         Stasis   .     (boots unavailable)
MR     .....                    (no amulet)
Stlth  +++.......               (no ring)
                                (no ring)

@: very slightly contaminated, very quick, not resistant to hostile
enchantments, fairly stealthy
A: unfitting armour, see invisible, herbivore 3, speed 3, slow metabolism 2
a: no special abilities


You were on level 3 of the Dungeon.
You were hungry.

You visited 1 branch of the dungeon, and saw 3 of its levels.

You collected 120 gold pieces.

Inventory:

Hand weapons
 a - a +1 dagger (weapon)
Armour
 b - a +1 robe (worn)
Scrolls
 h - a scroll of random uselessness {unknown}
 i - a scroll of fear {unknown}
 j - 2 scrolls of identify {unknown}
 n - a scroll of blinking {unknown}
 o - a scroll of teleportation {unknown}
 r - a scroll of fog {unknown}
Potions
 e - 2 potions of brilliance {unknown}
 g - a potion of beneficial mutation {unknown}
 k - a potion of restore abilities {unknown}
 l - a potion of might {unknown}
 q - a potion of heal wounds {unknown}
 s - a potion of degeneration {unknown}
Books
 c - a book of Maledictions

   Spells                             Type                      Level
   a - Corona                         Hexes                        1
   b - Sure Blade                     Hexes/Charms                 2
   c - Ensorcelled Hibernation        Hexes/Ice                    2
   d - Confuse                        Hexes                        3
   e - Dazzling Spray                 Conjuration/Hexes            3
   f - Enslavement                    Hexes                        4
Comestibles
 d - 2 bread rations
 f - a royal jelly
 m - 4 fruits
 p - a slice of pizza


   Skills:
 + Level 1.2 Short Blades
 + Level 3.5 Dodging
 + Level 5.3 Stealth
 + Level 3.9 Spellcasting
 + Level 4.3 Hexes


You had 4 spell levels left.
You knew the following spells:

 Your Spells              Type           Power        Failure   Level  Hunger
a - Corona                Hex            ###....      3%          1    None
b - Ensorcelled Hibernat  Hex/Ice        ##....       12%         2    ##.....
c - Confuse               Hex            ###.....     12%         3    ###....


Dungeon Overview and Level Annotations

Branches:
Dungeon (3/15)

Altars:
The Shining One


Innate Abilities, Weirdness & Mutations

You are tiny and cannot use many weapons and most armour.
You have supernaturally acute eyesight.
You are a herbivore.
You cover ground extremely quickly.
You need consume almost no food.


Message History

The puff of flame hits you!
There is a fountain of clear blue water here.
You are engulfed in a cloud of scalding steam.
You are engulfed in a cloud of scalding steam.
* * * LOW HITPOINT WARNING * * *
Casting: Confuse
Confirm with . or Enter, or press ? or * to list all spells.
You don't have enough magic to cast that spell.
Unknown command.
Casting: Confuse
Confirm with . or Enter, or press ? or * to list all spells.
Aiming: Confuse
Press: ? - help, Shift-Dir - straight line, f/p - orc wizard
Aim: an orc wizard, wielding a dagger and wearing a robe (chance 47%)
You miscast Confuse.
You are very lightly contaminated with residual magic.
Strange energies run through your body. The orc wizard casts a spell at you.
The puff of flame hits you!
You die...

#########
##.†.o.§.##
#.⌠#####o.#
#.##...##o#
#.#.⌠.⌠.#.#
+.#..<..'.#
#.#.⌠.⌠.#.#
#o##..[##@#
#o⌠#####⌠.#
##. ...## #
####


You could see an orc wizard and an orc.

Vanquished Creatures
  2 adders (D:2)
  2 worms (D:2)
  A giant gecko (D:2)
  3 giant cockroaches
  5 goblins
  6 hobgoblins
  2 quokkas (D:2)
  3 bats
  3 giant newts
  7 kobolds
  6 rats
40 creatures vanquished.

Notes
Turn   | Place    | Note
--------------------------------------------------------------
     0 | D:1      | Seneschal, the Spriggan Enchanter, began the quest for the Orb.
     0 | D:1      | Reached XP level 1. HP: 9/9 MP: 4/4
   240 | D:1      | Reached XP level 2. HP: 7/13 MP: 8/8
   244 | D:1      | Learned a level 2 spell: Ensorcelled Hibernation
   826 | D:2      | Reached XP level 3. HP: 3/16 MP: 6/11
   842 | D:2      | Learned a level 3 spell: Confuse
  1241 | D:2      | Reached skill level 5 in Stealth
  1514 | D:2      | Found a glowing golden altar of the Shining One.
  1693 | D:2      | Reached XP level 4. HP: 15/21 MP: 1/14
  1806 | D:3      | Killed from afar by an orc wizard

Action                   |  1- 3 |  4- 6 || total
-------------------------+-------+-------++-------
Melee: Dagger            |   105 |     5 ||   110
 Cast: Ensorcelled Hiber |    25 |     3 ||    28
       Confuse           |     3 |     1 ||     4
 Stab: Sleeping          |    18 |     1 ||    19
       Confused          |     2 |       ||     2
